 Dungeon Crawl Stone Soup version 0.26-a0-249-g7253cd193c (webtiles) character file.

Game seed: 3522935987534396127

3299 tognito the Severer (level 9, -6/70 HPs)
             Began as a Minotaur Berserker on Apr 15, 2020.
             Was an Elder of Trog.
             Mangled by an orc warrior
             ... wielding a +0 dire flail of freezing
              (37 damage)
             ... on level 7 of the Dungeon on July 8, 2020.
             The game lasted 00:15:45 (7026 turns).

tognito the Severer (Minotaur Berserker)            Turns: 7026, Time: 00:15:48

Health: -6/70      AC: 13    Str: 25    XL:     9   Next: 70%
Magic:  8/8        EV:  9    Int:  4    God:    Trog [****..]
Gold:   424        SH:  0    Dex: 10    Spells: 8/8 levels left

rFire    + . .     SeeInvis .   b - +4 hand axe
rCold    . . .     Faith    .   (no shield)
rNeg     + . .     Spirit   .   u - +2 chain mail {MR+}
rPois    .         Reflect  .   (helmet restricted)
rElec    .         Harm     .   j - +0 cloak
rCorr    .                      p - +0 pair of gloves
MR       +++..                  (no boots)
Stlth    ..........             (no amulet)
HPRegen  1.21/turn              h - ring of positive energy
MPRegen  0.11/turn              A - ring of protection from fire

@: regenerating
A: retaliatory headbutt, horns 2
a: Berserk, Trog's Hand, Brothers in Arms, Renounce Religion


You were on level 7 of the Dungeon.
You worshipped Trog.
Trog was greatly pleased with you.
You were not hungry.

You visited 1 branch of the dungeon, and saw 7 of its levels.

You collected 424 gold pieces.

Inventory:

Hand Weapons
 a - a +0 war axe
 b - a +4 hand axe (weapon)
Missiles
 g - 13 poisoned darts
 i - 3 javelins
 k - 6 datura-tipped darts (quivered)
 q - 91 bolts
 y - 3 boomerangs
Armour
 j - a +0 cloak (worn)
 p - a +0 pair of gloves (worn)
 u - a +2 chain mail of magic resistance (worn)
Jewellery
 h - a ring of positive energy (left hand)
 A - a ring of protection from fire (right hand)
Wands
 t - a wand of flame (6)
Scrolls
 d - 2 scrolls of immolation {unknown}
 f - 2 scrolls of amnesia {unknown}
 l - a scroll of fog {unknown}
 m - 7 scrolls of teleportation {unknown}
 n - 7 scrolls of remove curse {unknown}
 o - a scroll of magic mapping {unknown}
 r - 3 scrolls of fear {unknown}
 s - a scroll of blinking {unknown}
 w - a scroll of torment {unknown}
 z - 7 scrolls of identify {unknown}
Potions
 e - a potion of stabbing
 v - a potion of invisibility
 x - a potion of curing
Comestibles
 c - 21 rations


   Skills:
 - Level 3.6 Fighting
 * Level 15.7 Axes
 - Level 2.4 Armour
 - Level 2.1 Dodging


You had 8 spell levels left.
You didn't know any spells.
Your spell library was empty.

Dungeon Overview and Level Annotations

Branches:
Dungeon (7/15)             Temple (0/1) D:4

Altars:
Ashenzari
Dithmenos
Fedhas
Gozag
Hepliaklqana
Kikubaaqudgha
Makhleb
Trog
Uskayaw
Vehumet
Wu Jian
Zin

Annotations:
D:7 1 transporter, Wiebster667's ghost, novice OpFi


Innate Abilities, Weirdness & Mutations

You reflexively headbutt those who attack you in melee.
You have a pair of horns on your head.


Message History

The moth of wrath goads the orc warrior on!
The orc warrior goes berserk!
Your chain mail prevents you from hitting the gnoll sergeant.
You hit the troll. You hit the orc warrior.
The gnoll sergeant completely misses you.
The orc warrior hits you with a +0 dire flail of freezing!
The orc warrior freezes you. The troll closely misses you.
The troll claws you but does no damage. The troll barely misses you.
You hit the gnoll sergeant but do no damage.
You hit the troll. You barely miss the orc warrior.
The gnoll sergeant hits you but does no damage.
The orc warrior misses you.
You hit the gnoll sergeant. You headbutt the gnoll sergeant.
The gnoll sergeant is moderately wounded.
You hit the troll. You closely miss the orc warrior.
The gnoll sergeant hits you but does no damage.
The troll barely misses you. The troll claws you. The troll barely misses you.
The orc warrior hits you with a +0 dire flail of freezing!!!
Ouch! That really hurt!
You die...

#..###......##..#####....#
#..#####...W##..# #....#
#.##.#≈#..##.##.# #....#
#.#..##%=[≈#..#.#####....#
#.#©...._.##..#..........#
#.#..##.......#.......####
#.##.##≈[....##.......#
#..#..##ygo..#[.......#
##.###...@..##........#
#..###.©T###.........#
##...#####...........#
###...©......########
###......### ##...###
#####


You could see a moth of wrath, a troll, an orc warrior (berserk) and a gnoll
sergeant (berserk).

Vanquished Creatures
  A human (D:7)
  A wyvern (D:7)
  2 yaks (D:7)
  Eustachio (D:6)
  2 hogs (D:7)
  A sky beast (D:7)
  Duvessa (D:6)
  An ice beast (D:6)
  An ogre (D:5)
  4 centaurs
  2 bullfrogs
  A gnoll sergeant (D:6)
  Dowan (D:6)
  A wyvern skeleton (D:7)
  3 scorpions
  3 killer bees (D:7)
  A bullfrog zombie (D:7)
  3 centaur zombies
  A crimson imp (D:5)
  A gnoll shaman (D:4)
  6 orc priests
  A centaur skeleton (D:4)
  Terence (D:3)
  Jessica (D:3)
  5 orc wizards
  5 worker ants
  13 gnolls
  10 adders
  A shadow imp (D:7)
  A white imp (D:7)
  An ooze (D:4)
  An adder skeleton (D:5)
  An adder zombie (D:5)
  2 worms (D:2)
  A dart slug (D:2)
  2 leopard geckos
  16 orcs
  A ball python (D:4)
  7 bats
  5 giant cockroaches
  6 goblins
  5 hobgoblins
  11 jackals
  6 frilled lizards
  5 kobolds
  A leopard gecko skeleton (D:4)
  A leopard gecko zombie (D:6)
  A quokka skeleton (D:7)
  12 rats
161 creatures vanquished.

Vanquished Creatures (collateral kills)
  A shadow imp (D:7)
  An orc (D:7)
2 creatures vanquished.

Grand Total: 163 creatures vanquished

Notes
Turn   | Place    | Note
-------+----------+-------------------------------------------
     0 | D:1      | tognito the Minotaur Berserker began the quest for the Orb.
     0 | D:1      | Reached XP level 1. HP: 19/19 MP: 0/0
   105 | D:1      | Reached skill level 4 in Axes
   217 | D:1      | Reached XP level 2. HP: 16/26 MP: 1/1
   645 | D:2      | Reached skill level 5 in Axes
   711 | D:2      | Found a radiant altar of Vehumet.
   714 | D:2      | Reached XP level 3. HP: 31/31 MP: 2/2
   795 | D:2      | Found a bloodstained altar of Trog.
   841 | D:2      | Noticed a scorpion
   845 | D:2      | Reached ** piety under Trog
   851 | D:2      | Killed a scorpion
   851 | D:2      | Reached skill level 6 in Axes
   851 | D:2      | Reached XP level 4. HP: 33/39 MP: 3/3
   894 | D:2      | Found a hide-covered altar of Uskayaw.
  1363 | D:2      | Reached XP level 5. HP: 41/45 MP: 4/4
  1378 | D:2      | Reached skill level 7 in Axes
  1514 | D:3      | Found a shattered altar of Ashenzari.
  1537 | D:3      | Found a blossoming altar of Fedhas.
  1753 | D:3      | Noticed Terence
  1760 | D:3      | Killed Terence
  2352 | D:3      | Noticed Jessica
  2362 | D:3      | Killed Jessica
  2362 | D:3      | Reached skill level 8 in Axes
  2611 | D:4      | Reached XP level 6. HP: 26/51 MP: 5/5
  2956 | D:4      | Found an ornate altar of the Wu Jian Council.
  2956 | D:4      | Found an ancient bone altar of Kikubaaqudgha.
  2959 | D:4      | Found a shadowy altar of Dithmenos.
  2976 | D:4      | Reached skill level 9 in Axes
  2988 | D:4      | Found a hazy altar of Hepliaklqana.
  3050 | D:4      | Found a staircase to the Ecumenical Temple.
  3268 | D:4      | You fall into a shaft and drop 1 floor!
  3268 | D:5      | Entered Level 5 of the Dungeon
  3312 | D:5      | Reached *** piety under Trog
  3394 | D:4      | Upgraded the game from 0.25-a0-781-gc44aebf4fe to
                  | 0.25-a0-937-gcfae464cf3
  3399 | D:4      | Found a glowing silver altar of Zin.
  3471 | D:4      | Found an opulent altar of Gozag.
  3538 | D:5      | Reached XP level 7. HP: 34/57 MP: 6/6
  3544 | D:5      | Reached skill level 10 in Axes
  3777 | D:5      | HP: 3/85 [orc priest/divine providence (16)]
  4443 | D:5      | Reached skill level 11 in Axes
  4954 | D:6      | Reached XP level 8. HP: 64/64 MP: 7/7
  5040 | D:6      | Reached skill level 12 in Axes
  5042 | D:6      | Upgraded the game from 0.25-a0-937-gcfae464cf3 to
                  | 0.26-a0-154-g3d63440f56
  5194 | D:6      | Found a burning altar of Makhleb.
  5237 | D:6      | Noticed Dowan
  5237 | D:6      | Noticed Duvessa
  5246 | D:6      | Killed Duvessa
  5268 | D:6      | Killed Dowan
  5438 | D:6      | Noticed Eustachio
  5444 | D:6      | Reached skill level 13 in Axes
  5460 | D:6      | Killed Eustachio
  5724 | D:6      | Upgraded the game from 0.26-a0-154-g3d63440f56 to
                  | 0.26-a0-249-g7253cd193c
  6067 | D:7      | Reached **** piety under Trog
  6067 | D:7      | Reached XP level 9. HP: 53/70 MP: 8/8
  6156 | D:7      | Reached skill level 14 in Axes
  6605 | D:7      | Found a transporter.
  6610 | D:7      | Found a bloodstained altar of Trog.
  6612 | D:7      | Noticed Wiebster667's ghost (novice OpFi)
  6621 | D:7      | Found a transporter.
  6623 | D:7      | Noticed a moth of wrath
  6636 | D:7      | Noticed a troll
  6790 | D:7      | Reached skill level 15 in Axes
  7026 | D:7      | Mangled by an orc warrior

Illustrated notes

Levels and vault maps discovered:
D:1:      evilmike_arrival_crescent, layout_loops_ring, minmay_cupped
D:2:      minmay_chambers_of_twos, layout_basic, eat_drink_and_be_merry_uskayaw,
          vehumet_crystals, first_ration, bloody_trog
D:3:      layout_basic, fedhas_ov_isle_minmay, cheibrodos_ashenzari_chains,
          uniq_jessica, uniq_terence
D:4:      layout_rooms, kennysheep_mini, lemuel_doored_altar,
          grunt_gozag_statues, grunt_temple_overflow_open,
          minmay_temple_entry_nine_rooms
D:5:      layout_basic, minmay_misc_feat_rows
D:6:      layout_cave_pools, lemuel_round_altar, uniq_eustachio, uniq_duvessa
D:7:      layout_basic, gammafunk_ghost_wrathful_warriors, hex_intersection,
          grunt_livestock

Skill      XL: |  1  2  3  4  5  6  7  8  9 |
---------------+----------------------------+-----
Axes           | 4 5 6 8 9 11 13 15 | 15.7
Fighting       | |  3.6
Armour         | |  2.4
Dodging        | |  2.1

Action                   |  1- 3 |  4- 6 |  7- 9 || total
-------------------------+-------+-------+-------++-------
Melee: Hand axe          |    75 |   145 |    50 ||   270
       Headbutt          |     5 |    23 |    33 ||    61
       War axe           |       |     3 |   159 ||   162
Throw: Dart              |       |       |    44 ||    44
       Javelin           |       |       |     3 ||     3
Invok: Berserk           |       |     1 |     2 ||     3
       Trog's Hand       |       |       |     1 ||     1
  Use: Potion            |     4 |       |     2 ||     6
  Eat: Chunk             |       |     9 |     9 ||    18
       Ration            |       |       |     2 ||     2
Armor: Ring mail         |    46 |    48 |       ||    94
       Chain mail        |       |       |   142 ||   142
       Scale mail        |       |       |     3 ||     3
Dodge: Dodged            |    50 |    63 |   105 ||   218

Table legend:
 A = Non-vault XP
 B = Vault XP
 C = Vault XP percentage of total XP
 D = Non-vault monster count
 E = Vault monster count
 F = Vault count percentage of total count
                 A         B        C        D         E       F
            +---------+---------+-------+---------+---------+-------
      Total |    3173 |    1541 |  32.7 |     142 |      21 |  12.9
            +---------+---------+-------+---------+---------+-------
        D:1 |      27 |       4 |  12.9 |      18 |       3 |  14.3
        D:2 |     119 |      52 |  30.4 |      22 |       8 |  26.7
        D:3 |      72 |      75 |  51.0 |      11 |       2 |  15.4
        D:4 |     247 |       0 |   0.0 |      15 |       0 |   0.0
        D:5 |     778 |       0 |   0.0 |      24 |       0 |   0.0
        D:6 |     708 |     407 |  36.5 |      18 |       3 |  14.3
        D:7 |    1222 |    1003 |  45.1 |      34 |       5 |  12.8
            +---------+---------+-------+---------+---------+-------
